 Dungeon Crawl Stone Soup version 0.28.0 (webtiles) character file.

Game seed: 9271061925768749013

107 croobank the Grasshopper (level 4, -1/34 HPs)
             Began as a Demonspawn Warper on Feb 7, 2022.
             Slain by a gnoll (5 damage)
             ... on level 4 of the Dungeon.
             The game lasted 00:08:10 (2565 turns).

croobank the Grasshopper (Demonspawn Warper)        Turns: 2565, Time: 00:08:11

Health: -1/34      AC:  7    Str: 13    XL:     4   Next: 57%
Magic:  7/7        EV: 11    Int: 15    God:
Gold:   40         SH:  0    Dex: 12    Spells: 2/7 levels left

rFire   . . .      SeeInvis .   a - +0 hand axe
rCold   . . .      Faith    .   (no shield)
rNeg    . . .      Spirit   .   b - +0 leather armour
rPois   .          Reflect  .   (helmet restricted)
rElec   .          Harm     .   (no cloak)
rCorr   .          Rampage  .   (no gloves)
Will    .....                   (no boots)
Stlth   +.........              (no amulet)
HPRegen 0.11/turn               j - +4 ring of protection
MPRegen 0.10/turn               (no ring)

@: no status effects
A: horns 1
a: no special abilities


You were on level 4 of the Dungeon.
You visited 1 branch of the dungeon, and saw 4 of its levels.

You collected 40 gold pieces.

Inventory:

Hand Weapons
 a - a +0 hand axe (weapon)
 n - a +0 hunting sling
Missiles
 d - 5 boomerangs of dispersal (quivered)
 e - 82 stones
 g - 37 sling bullets
Armour
 b - a +0 leather armour (worn)
Jewellery
 j - a +4 ring of protection (left hand)
Scrolls
 c - a scroll of amnesia {unknown}
 i - a scroll of teleportation {unknown}
 l - 3 scrolls of fog {unknown}
 m - a scroll of immolation {unknown}
Potions
 k - a potion of ambrosia


   Skills:
 + Level 2.7 Fighting
 + Level 2.8 Axes
 + Level 0.8 Throwing
 + Level 1.8 Armour
 + Level 2.1 Dodging
 + Level 0.1 Stealth
 + Level 2.3 Spellcasting
 + Level 3.0 Translocations


You had 2 spell levels left.
You knew the following spells:

 Your Spells              Type           Power      Damage    Failure   Level
a - Blink                 Tloc           20%        N/A       12%         2
b - Gell's Gravitas       Tloc           10%        N/A       24%         3

Your spell library contained the following spells:

 Spells                   Type           Power      Damage    Failure   Level
 Lesser Beckoning         Tloc           10%        N/A       24%         3
 Teleport Other           Tloc           10%        N/A       24%         3
 Manifold Assault         Tloc           10%        N/A       91%         5


Dungeon Overview and Level Annotations

Branches:
Dungeon (4/15)
 Temple: D:4-7

Altars:

Annotations:
D:2 Sigmund, Terence


Innate Abilities, Weirdness & Mutations

You have a pair of small horns on your head.


Message History

The gnoll hits you with a +0 club. The gnoll closely misses you.
An orc comes into view. It is wielding a +0 hand axe. x2
The gnoll closely misses you. The gnoll hits you with a +0 spear.
The gnoll barely misses you.
You hit the gnoll.
The gnoll is moderately wounded.
The gnoll hits you but does no damage. The gnoll closely misses you.
The gnoll misses you. The gnoll barely misses you.
You barely miss the gnoll.
The gnoll is moderately wounded.
The gnoll closely misses you.
The gnoll hits you from afar with a +0 spear.
You barely miss the gnoll.
The gnoll is moderately wounded.
The gnoll barely misses you.
The gnoll hits you from afar with a +0 spear.
The gnoll misses you.
You hit the gnoll. You headbutt the gnoll.
The gnoll is almost dead.
The gnoll completely misses you. x2
You hit the gnoll but do no damage.
The gnoll is almost dead.
The gnoll closely misses you. The gnoll hits you with a +0 club.
* * * LOW HITPOINT WARNING * * *
There is a stone staircase leading down here.
The gnoll barely misses you.
You climb downwards.
Found a spear.
Found a stone staircase leading down.
There is a stone staircase leading up here.
You closely miss the gnoll.
The gnoll is severely wounded.
The endoplasm quivers.
The ball python hisses angrily.
The gnoll hits you with a +0 club.
* * * LOW HITPOINT WARNING * * *
You closely miss the gnoll.
The gnoll is severely wounded.
The gnoll hits you with a +0 club.
You die...

.. .#... ..
.#.. . #. .#. #
.. ##.#..##.##
...##..........
..........)....
.J.............
.......@.......
....##.g.......
. #...S.....
#......>..
..........
..........#
.......#..#
.......##...


You could see a gnoll, an endoplasm and a ball python.

Vanquished Creatures
  An iguana (D:3)
  Robin (D:2)
  A gnoll (D:3)
  An adder (D:3)
  A dart slug (D:2)
  5 endoplasms (D:1)
  9 goblins
  6 hobgoblins
  6 jackals (D:1)
  2 quokkas (D:1)
  5 ball pythons (D:1)
  6 bats
  A frilled lizard (D:1)
  A kobold (D:3)
  2 rats
48 creatures vanquished.

Notes
Turn   | Place    | Note
-------+----------+-------------------------------------------
     0 | D:1      | croobank the Demonspawn Warper began the quest for the Orb.
     0 | D:1      | Reached XP level 1. HP: 16/16 MP: 3/3
   445 | D:1      | Reached skill level 1 in Armour
   454 | D:1      | Gained mutation: You have a pair of small horns on your
                  | head. [demonic ancestry]
   454 | D:1      | Reached XP level 2. HP: 11/23 MP: 5/5
   457 | D:1      | Learned a level 2 spell: Blink
   675 | D:1      | Reached skill level 3 in Translocations
  1472 | D:1      | Reached XP level 3. HP: 28/28 MP: 6/6
  1680 | D:2      | Noticed Terence
  1680 | D:2      | Noticed Sigmund
  1870 | D:2      | Noticed Robin
  2115 | D:2      | Killed Robin
  2210 | D:3      | Learned a level 3 spell: Gell's Gravitas
  2248 | D:2      | HP: 1/28 [poisoned by Terence]
  2351 | D:3      | Reached XP level 4. HP: 29/34 MP: 7/7
  2565 | D:4      | Slain by a gnoll

Illustrated notes

Levels and vault maps discovered:
D:1:      sevenhm_arrival_forest_fort_small_4, layout_loops_ring,
          chequers_serial_rivers_small_3
D:2:      layout_rooms, uniq_terence, uniq_robin, uniq_sigmund
D:3:      layout_loops_corners, serial_glass, glass_columns_a, glass_columns_a,
          chequers_serial_rivers_small_a, grunt_decor_one_mirror,
          minmay_misc_feat_iff
D:4:      layout_cave_pools, kennysheep_little_box,
          minmay_temple_entry_proselytizer

Skill      XL: |  1  2  3 |
---------------+----------+-----
Armour         | 1 |  1.8
Translocations | 3 |  3.0
Axes           | 2 |  2.8
Dodging        | 2 |  2.1
Fighting       | |  2.7
Throwing       | |  0.8
Stealth        | |  0.1
Spellcasting   | |  2.3

Action                   |  1- 3 |  4- 6 || total
-------------------------+-------+-------++-------
Melee: Hand axe          |   148 |    20 ||   168
       Headbutt          |    14 |     4 ||    18
 Cast: Gell's Gravitas   |     1 |       ||     1
  Use: Potion            |     3 |       ||     3
       Scroll            |     1 |       ||     1
 Stab: Sleeping          |     1 |       ||     1
Armor: Leather armour    |    77 |     4 ||    81
Dodge: Dodged            |   124 |    24 ||   148
